 Dungeon Sprint DCSS version 0.17-a0-1778-gd369669 (webtiles) character file.

639 KambridgeKobold the Grappler (level 7, -5/121 HPs)
             Began as a Troll Monk on Sept 5, 2015.
             Was a Follower of Ru.
             Slain by a red devil
             ... wielding a +0 trident
             ... summoned by a kobold demonologist
              (8 damage)
             ... in the Dungeon (Sprint I: "Red Sonja") on Sept 8, 2015.
             The game lasted 00:05:27 (248 turns).

KambridgeKobold the Grappler (Troll Monk)            Turns: 248, Time: 00:05:28

Health: -5/121     AC:  5    Str: 25    XL:     7   Next: 26%
Magic:  6/6        EV: 13    Int:  7    God:    Ru [*.....]
Gold:   405        SH:  0    Dex: 13    Spells: 0 memorised, 6 levels left

rFire  . . .     SeeInvis .       - Unarmed
rCold  . . .     Clarity  .     a - +0 robe
rNeg   . . .     SustAt   .     (no shield)
rPois  .         Gourm    +     (helmet restricted)
rElec  .         Spirit   .     (no cloak)
rCorr  .         Warding  .     (gloves unavailable)
rMut   .         NoTele   +     (boots unavailable)
MR     .....                    (no amulet)
Stlth  ..........               (no ring)
                                (no ring)

@: berserking, lethally poisoned (-5 -> -7), weakened, drained, very quick, not
resistant to hostile enchantments, extremely unstealthy
A: unfitting armour, claws 3, fast metabolism 3, gourmand, regeneration 2,
shaggy fur 1, tough skin 2, no air magic, no necromancy magic, no summoning
magic
a: Renounce Religion


You were in the Dungeon.
You worshipped Ru.
Ru was aware of your devotion.
You were very full.

You visited 1 branch You collected 405 gold pieces.

Inventory:

Armour
 a - a +0 robe (worn)
Jewellery
 j - an uncursed amulet of the gourmand {unknown}
Magical devices
 i - a wand of invisibility (3)
Scrolls
 h - a scroll of blinking
Potions
 c - 2 potions of curing
 d - a potion of heal wounds
 e - a potion of haste
 f - 2 potions of magic
Comestibles
 b - 2 bread rations


   Skills:
 + Level 8.7(8.2) Fighting
 + Level 7.7(7.3) Dodging
 - Level 1.1(0.7) Stealth
 + Level 9.7(9.2) Unarmed Combat


You had 6 spell levels left.
You didn't know any spells.

Dungeon Overview and Level Annotations

Branches:
Dungeon (1/1)

Altars:
Cheibriados
Dithmenos
Elyvilon
Fedhas
Gozag
Kikubaaqudgha
Makhleb
Nemelex Xobeh
Okawaru
Qazlal
Ru
Sif Muna
Trog
Vehumet
Xom
Yredelemnul
Zin
The Shining One
Jiyva

Shops:
D %


Innate Abilities, Weirdness & Mutations

You are too large for most types of armour.
You have claws for hands.
Your metabolism is lightning-fast.
You like to eat raw meat.
You heal very quickly.
You are covered in fur (AC +1).
You have very tough skin (AC +2).
You cannot study or cast Air magic.
You cannot study or cast Necromancy magic.
You cannot study or cast Summoning magic.


Message History

The kobold demonologist is heavily wounded.
You feel sick. The ufetubus closely misses you. The ufetubus barely misses you.
The kobold demonologist is stunned by your will and fails to attack.
The kobold demonologist hits you but does no damage.
The red devil completely misses you. The orange demon barely misses you.
The soul eater hits you!
* * * LOW HITPOINT WARNING * * *
The ufetubus misses you. The ufetubus closely misses you.
Drink which item? (? for menu, Esc to quit)
A red film seems to cover your vision as you go berserk!
You feel yourself moving faster!
You feel mighty!
You feel sick.
The kobold demonologist mumbles some strange words.
The white imp shouts, "Remove thy stench, thou pecksniffian moldwarp boar-pig!"
The kobold demonologist hits you with a dagger.
* * * LOW HITPOINT WARNING * * *
The ufetubus barely misses you. The ufetubus misses you.
The orange demon stings you from afar.
* * * LOW HITPOINT WARNING * * *
The red devil hits you from afar with a trident!
You die...

####################
'..#.['..#__#.55@K5#
#.)'..#..'^.'..#K35#
##'#####'#__####444+
#..#...#.#### #####
####..##.#
.__##'#..+
∩...'..._#
.._##_.#'#
___###+#)#


You could see a soul eater, an orange demon, a rust devil, 2 kobold
demonologists, a red devil, a white imp and 3 ufetubi.

Vanquished Creatures
  A slime creature (D)
  A yak (D)
  Sigmund (D)
  An ogre (D)
  A jelly (D)
  Ijyb (D)
  A giant eyeball (D)
7 creatures vanquished.

Notes
Turn   | Place    | Note
--------------------------------------------------------------
     0 | D        | KambridgeKobold the Troll Monk began the quest for the Orb.
     0 | D        | Reached XP level 1. HP: 22/22 MP: 0/0
     1 | D        | Noticed Ijyb
    11 | D        | Killed Ijyb
    11 | D        | Reached skill level 5 in Unarmed Combat
    11 | D        | Reached XP level 2. HP: 24/32 MP: 1/1
    27 | D        | Noticed an ogre
    35 | D        | Killed an ogre
    35 | D        | Reached skill level 5 in Fighting
    35 | D        | Reached skill level 6 in Unarmed Combat
    35 | D        | Reached XP level 3. HP: 29/44 MP: 2/2
    35 | D        | Reached XP level 4. HP: 34/52 MP: 3/3
    68 | D        | Noticed Sigmund
    80 | D        | Killed Sigmund
    80 | D        | Reached skill level 7 in Fighting
    80 | D        | Reached XP level 5. HP: 58/62 MP: 4/4
    91 | D        | Found a deep blue altar of Sif Muna.
    92 | D        | Noticed a jelly
    93 | D        | Found a radiant altar of Vehumet.
    96 | D        | Upgraded the game from 0.17-a0-1763-g847a857 to 0.17-a0-1778-gd369669
    99 | D        | Killed a jelly
    99 | D        | Reached skill level 8 in Unarmed Combat
    99 | D        | Reached XP level 6. HP: 67/71 MP: 5/5
   122 | D        | Found Ohelan's Food Emporium.
   122 | D        | Found a white marble altar of Elyvilon.
   122 | D        | Found a stormy altar of Qazlal.
   122 | D        | Found a burning altar of Makhleb.
   122 | D        | Found a sacrificial altar of Ru.
   122 | D        | Found a basalt altar of Yredelemnul.
   122 | D        | Found a glowing golden altar of the Shining One.
   122 | D        | Found a sparkling altar of Nemelex Xobeh.
   122 | D        | Found a shimmering altar of Xom.
   122 | D        | Found an opulent altar of Gozag.
   122 | D        | Found an ancient bone altar of Kikubaaqudgha.
   122 | D        | Found a glowing silver altar of Zin.
   122 | D        | Noticed a yak
   125 | D        | Killed a yak
   125 | D        | Reached skill level 9 in Unarmed Combat
   126 | D        | Found an iron altar of Okawaru.
   129 | D        | Found a bloodstained altar of Trog.
   153 | D        | Became a worshipper of Ru the Awakened
   162 | D        | Gained mutation: You cannot study or cast Air magic. [Ru sacrifice]
   162 | D        | Gained mutation: You cannot study or cast Necromancy magic. [Ru sacrifice]
   162 | D        | Gained mutation: You cannot study or cast Summoning magic. [Ru sacrifice]
   162 | D        | Acquired Ru's first power
   171 | D        | Found a snail-covered altar of Cheibriados.
   171 | D        | Found a viscous altar of Jiyva.
   171 | D        | Found a shadowy altar of Dithmenos.
   171 | D        | Found a blossoming altar of Fedhas.
   171 | D        | Noticed a slime creature
   180 | D        | Killed a slime creature
   180 | D        | Reached XP level 7. HP: 55/81 MP: 6/6
   231 | D        | Noticed a kobold demonologist
   232 | D        | Noticed a kobold demonologist
   232 | D        | Paralysed by a giant eyeball for 2 turns
   237 | D        | Noticed a soul eater
   238 | D        | Noticed an orange demon
   242 | D        | Noticed a red devil
   248 | D        | HP: 6/121 [kobold demonologist/dagger (1)]
   248 | D        | Slain by a red devil

Vault maps used:
D:        dungeon_sprint_1

Action                   |  1- 3 |  4- 6 |  7- 9 || total
-------------------------+-------+-------+-------++-------
Melee: Unarmed           |    14 |    22 |    13 ||    49
Invok: Sacrifice Arcana  |       |     1 |       ||     1
Evoke: Wand              |       |     1 |       ||     1
  Use: Potion            |       |       |     1 ||     1
 Stab: Sleeping          |     1 |     1 |       ||     2
       Invisible         |       |     1 |       ||     1
  Eat: Chunk             |       |     7 |       ||     7
